[Event "ICCopen2016"]
[Site "Internet Chess Club"]
[Date "2016.06.03"]
[Round "5"]
[White "searchforbobby1"]
[Black "croder"]
[Result "1-0"]
[ICCResult "Black checkmated"]
[WhiteElo "2078"]
[BlackElo "1739"]
[Opening "Center game: Paulsen attack"]
[ECO "C22"]
[NIC "KP.04"]
[Time "19:43:10"]
[TimeControl "180+0"]

1. e4 e5 2. d4 exd4 3. Qxd4 Nc6 4. Qe3 d6 5. Nc3 Nf6 6. Bd2 Be6 7. O-O-O Be7
8. f4 O-O 9. f5 Bd7 10. h4 a6 11. Be2 b5 12. g4 b4 13. Nb1 Ne5 14. g5 Nfg4
15. Qf3 h5 16. Qg3 c5 17. Nf3 Nxf3 18. Bxf3 c4 19. Bxg4 hxg4 20. Qxg4 c3 21.
bxc3 bxc3 22. Bxc3 Qc7 23. g6 f6 24. h5 Rab8 25. Rh3 Rxb1+ 26. Kxb1 Rb8+ 27.
Kc1 Qc5 28. h6 Qa3+ 29. Kd2 Bf8 30. hxg7 Kxg7 31. Qh5 Qxc3+ 32. Rxc3 Be7 33.
Qh7+ Kf8 34. Qf7# {Black checkmated} 1-0

[Event "ICCopen2016"]
[Site "Internet Chess Club"]
[Date "2016.06.03"]
[Round "5"]
[White "soumyat"]
[Black "PawnTerminator"]
[Result "1-0"]
[ICCResult "Black resigns"]
[WhiteElo "2046"]
[BlackElo "1661"]
[Opening "French: exchange variation"]
[ECO "C01"]
[NIC "FR.01"]
[Time "19:43:11"]
[TimeControl "180+0"]

1. e4 e6 2. d4 d5 3. exd5 exd5 4. Nf3 Nf6 5. Bd3 Bd6 6. O-O O-O 7. h3 Re8 8.
c3 c6 9. Bg5 h6 10. Bh4 Be6 11. Nbd2 Nbd7 12. Re1 Nf8 13. Nf1 Be7 14. Ne5
Qc8 15. Bc2 Bxh3 16. gxh3 Qxh3 17. Bg3 Nh5 18. Qd3 Bd6 19. Nh2 f6 20. Ng6
Nxg3 21. Nxf8 Kxf8 22. fxg3 Bxg3 23. Rxe8+ Rxe8 24. Nf1 Bf4 25. Qxh3
{Black resigns}
1-0

[Event "ICCopen2016"]
[Site "Internet Chess Club"]
[Date "2016.06.03"]
[Round "5"]
[White "Qualm"]
[Black "Spirals"]
[Result "0-1"]
[ICCResult "White resigns"]
[WhiteElo "1724"]
[BlackElo "2169"]
[Opening "Sicilian: Najdorf, 6.Bg5"]
[ECO "B94"]
[NIC "SI.04"]
[Time "19:43:01"]
[TimeControl "180+0"]

1. e4 c5 2. Nf3 d6 3. d4 cxd4 4. Nxd4 Nf6 5. Nc3 a6 6. Bg5 Nbd7 7. f4 b5 8.
Qf3 Bb7 9. Bd3 h6 10. Bh4 e6 11. O-O-O Be7 12. g4 g5 13. Bg3 gxf4 14. Bxf4
e5 15. Nf5 exf4 16. Qxf4 Ne5 17. Ng7+ Kf8 18. Nf5 Nd5 19. Qf2 Nxc3 20. bxc3
Rc8 21. Qf4 {White resigns} 0-1

[Event "ICCopen2016"]
[Site "Internet Chess Club"]
[Date "2016.06.03"]
[Round "5"]
[White "chessdi"]
[Black "B-Amin"]
[Result "0-1"]
[ICCResult "White resigns"]
[WhiteElo "2426"]
[BlackElo "2853"]
[Opening "Nimzovich-Larsen attack: modern variation"]
[ECO "A01"]
[NIC "VO.08"]
[Time "19:43:12"]
[TimeControl "180+0"]

1. b3 e5 2. Bb2 d6 3. e3 g6 4. d4 Nd7 5. Nf3 Bg7 6. g3 e4 7. Nfd2 Ngf6 8.
Bg2 d5 9. c4 c6 10. Ba3 Bf8 11. O-O Bxa3 12. Nxa3 a6 13. c5 h5 14. h4 Nf8
15. Nc2 Bg4 16. f3 exf3 17. Bxf3 Ne6 18. Bxg4 Nxg4 19. Qf3 f5 20. Ne1 Qf6
21. Nd3 O-O 22. Rae1 Rae8 23. Kg2 g5 24. hxg5 Nxg5 25. Qf4 Ne6 26. Qd6 Rd8
{White resigns}
0-1

[Event "ICCopen2016"]
[Site "Internet Chess Club"]
[Date "2016.06.03"]
[Round "5"]
[White "Anarchy"]
[Black "fishmaster"]
[Result "1-0"]
[ICCResult "Black resigns"]
[WhiteElo "2774"]
[BlackElo "1681"]
[Opening "King's Indian: Torre attack"]
[ECO "A48"]
[NIC "QP.01"]
[Time "19:42:53"]
[TimeControl "180+0"]

1. d4 Nf6 2. Nf3 g6 3. Bg5 Bg7 4. c3 O-O 5. Nbd2 d6 6. e3 c5 7. Bd3 Nc6 8.
O-O Bd7 9. Qe2 a6 10. a4 Rb8 11. h3 Na7 12. Rfd1 Nc6 13. Bf4 Ne8 14. dxc5 e5
15. Bh2 dxc5 16. e4 Nd6 17. Nc4 Nxc4 18. Bxc4 Qe7 19. Qe3 b5 20. axb5 axb5
21. Bd5 Ra8 22. Bg3 Rxa1 23. Rxa1 Rc8 24. Ra6 Nb8 25. Ra7 Nc6 26. Ra6 Nb8
27. Rb6 Qd8 28. Rb7 Rc7 29. Nxe5 Rxb7 30. Nxf7 Qb6 31. Nd6+ Kf8 32. Nxb7 Nc6
33. Nxc5 Ne5 34. Bxe5 Bxe5 35. Nxd7+ {Black resigns} 1-0

[Event "ICCopen2016"]
[Site "Internet Chess Club"]
[Date "2016.06.03"]
[Round "5"]
[White "Bubacik"]
[Black "nurmi"]
[Result "1-0"]
[ICCResult "Black resigns"]
[WhiteElo "2667"]
[BlackElo "2315"]
[Opening "Queen's pawn game"]
[ECO "D02"]
[NIC "QP.08"]
[Time "19:42:24"]
[TimeControl "180+0"]

1. d4 d5 2. Nf3 Bf5 3. c4 e6 4. Nc3 Nf6 5. cxd5 exd5 6. Bg5 c6 7. e3 Be7 8.
Bd3 Bg6 9. Ne5 Nbd7 10. Nxg6 hxg6 11. Rc1 Qa5 12. a3 O-O 13. h4 Rfe8 14. g4
Ne4 15. Bxe4 Bxg5 16. hxg5 dxe4 17. Qb3 Nb6 18. Kd2 Qxg5 19. Rh2 Kf8 20.
Qb4+ c5 21. dxc5 Red8+ 22. Kc2 Nd5 23. Nxd5 Qxd5 24. c6+ Kg8 25. Rch1 f6 26.
Qe7 Qd3+ 27. Kc1 Qd2+ 28. Kb1 Qd1+ 29. Rxd1 Rxd1+ 30. Kc2 bxc6 31. Kxd1
{Black resigns}
1-0

[Event "ICCopen2016"]
[Site "Internet Chess Club"]
[Date "2016.06.03"]
[Round "5"]
[White "acash"]
[Black "Petergriffin"]
[Result "0-1"]
[ICCResult "White checkmated"]
[WhiteElo "1818"]
[BlackElo "2021"]
[Opening "Trompowsky attack (Ruth, Opocenský opening)"]
[ECO "A45"]
[NIC "QP.07"]
[Time "19:42:32"]
[TimeControl "180+0"]

1. d4 Nf6 2. Bg5 c5 3. Bxf6 gxf6 4. d5 Qb6 5. b3 f5 6. Nf3 Bg7 7. c3 d6 8.
e3 Qa5 9. Qc2 b5 10. a4 b4 11. Ra2 bxc3 12. Bd3 Na6 13. Bxa6 Qxa6 14. Nxc3
Qa5 15. Kd2 Rb8 16. Rc1 e6 17. e4 Bh6+ 18. Kd1 Bxc1 19. Kxc1 Qb4 20. Rb2 Rg8
21. g3 c4 22. bxc4 Qxb2+ 23. Qxb2 Rxb2 24. Kxb2 fxe4 25. Nxe4 Ke7 26. Kc3
Bb7 27. Kd4 e5+ 28. Kd3 f5 29. Ned2 e4+ 30. Nxe4 fxe4+ 31. Kxe4 Bc8 32. Nd4
Bd7 33. f4 Rb8 34. f5 Rb4 35. Kd3 Rxa4 36. g4 h6 37. h4 Ra3+ 38. Ke4 Rh3 39.
Nf3 h5 40. g5 Bxf5+ 41. Kxf5 Rxf3+ 42. Kg6 a5 43. Kxh5 a4 44. Kg6 a3 45. h5
a2 46. h6 a1=Q 47. h7 Qb1+ 48. Kg7 Rf7+ 49. Kh6 Qxh7# {White checkmated} 0-1

[Event "ICCopen2016"]
[Site "Internet Chess Club"]
[Date "2016.06.03"]
[Round "5"]
[White "DukeBishop"]
[Black "josper05"]
[Result "0-1"]
[ICCResult "White resigns"]
[WhiteElo "1583"]
[BlackElo "1481"]
[Opening "Réti opening"]
[ECO "A30"]
[NIC "QP.10"]
[Time "19:43:36"]
[TimeControl "180+0"]

1. Nf3 c5 2. c4 g6 3. g3 Bg7 4. Bg2 e6 5. O-O Ne7 6. d4 cxd4 7. Nxd4 O-O 8.
e4 Nbc6 9. Nb5 a6 10. Nd6 Qc7 11. f4 Bd4+ 12. Kh1 Qxd6 13. e5 Qc5 14. a3 Qa7
15. Nd2 Nf5 16. Ne4 Be3 17. Nf6+ Kg7 18. Qg4 Bxc1 19. Raxc1 Ne3 20. Be4 Nxg4
{White resigns}
0-1

[Event "ICCopen2016"]
[Site "Internet Chess Club"]
[Date "2016.06.03"]
[Round "5"]
[White "Peretyatko"]
[Black "SMACK"]
[Result "1-0"]
[ICCResult "Black resigns"]
[WhiteElo "2778"]
[BlackElo "2065"]
[Opening "Mieses opening"]
[ECO "A00"]
[NIC "VO.13"]
[Time "19:43:06"]
[TimeControl "180+0"]

1. d3 Nf6 2. g3 g6 3. Bg2 Bg7 4. c4 O-O 5. Nc3 d6 6. Nf3 c6 7. O-O Nbd7 8.
Rb1 a5 9. a3 e5 10. b4 axb4 11. axb4 Re8 12. b5 Nf8 13. bxc6 bxc6 14. Bg5 h6
15. Bxf6 Bxf6 16. Nd2 Qc7 17. Qc2 Bg7 18. e3 Be6 19. h3 Reb8 20. Kh2 Rxb1
21. Rxb1 Nd7 22. Nb5 cxb5 23. Bxa8 bxc4 24. dxc4 d5 25. c5 Qxc5 26. Qxc5
Nxc5 27. Rb8+ Kh7 28. Rd8 d4 29. exd4 exd4 30. Ne4 Nd3 31. Bd5 Bxd5 32. Rxd5
Ne1 33. Nc5 d3 34. Nxd3 Nf3+ 35. Kg2 Ng5 36. Nf4 h5 37. Rxg5 {Black resigns}
1-0

[Event "ICCopen2016"]
[Site "Internet Chess Club"]
[Date "2016.06.03"]
[Round "5"]
[White "TallTower"]
[Black "akibael"]
[Result "0-1"]
[ICCResult "White resigns"]
[WhiteElo "1828"]
[BlackElo "2265"]
[Opening "QGD Slav: exchange variation"]
[ECO "D13"]
[NIC "SL.02"]
[Time "19:43:07"]
[TimeControl "180+0"]

1. Nf3 d5 2. c4 c6 3. cxd5 cxd5 4. d4 Nf6 5. Nc3 Nc6 6. Bf4 g6 7. Rc1 Bg7 8.
e3 O-O 9. Bd3 Bf5 10. O-O Qa5 11. a3 Bxd3 12. Qxd3 Rac8 13. Rc2 a6 14. Rfc1
Rfd8 15. Ne2 Ne4 16. b4 Qb6 17. Nd2 Nxd2 18. Qxd2 h6 19. Nc3 e6 20. Na4 Qa7
21. Qc3 Ne7 22. Qb2 Rxc2 23. Rxc2 Nc6 24. Nc5 Ne7 25. a4 g5 26. Bg3 Nf5 27.
b5 axb5 28. Qxb5 Nxg3 29. hxg3 b6 30. Nd3 Ra8 31. Rb2 Qxa4 32. Qxb6 Qd1+ 33.
Kh2 Qxd3 34. Qc6 Rf8 35. Qc5 Qc4 36. Qd6 Rc8 37. Rb7 Qc6 38. Qb4 Bf8 39. Qb3
Bd6 40. Ra7 Kg7 41. Qa2 h5 42. Qe2 h4 43. Qg4 hxg3+ 44. fxg3 Rh8+ 45. Kg1
Qc1+ 46. Kf2 Rh6 47. Qe2 Rf6+ {White resigns} 0-1

[Event "ICCopen2016"]
[Site "Internet Chess Club"]
[Date "2016.06.03"]
[Round "5"]
[White "claris"]
[Black "hedgie"]
[Result "0-1"]
[ICCResult "White checkmated"]
[WhiteElo "1470"]
[BlackElo "2111"]
[Opening "Old Benoni defense"]
[ECO "A43"]
[NIC "OI.09"]
[Time "19:43:14"]
[TimeControl "180+0"]

1. d4 c5 2. e3 e6 3. Nf3 Nf6 4. c4 b6 5. g3 Bb7 6. Bg2 d6 7. O-O Be7 8. a3
O-O 9. b3 a6 10. Bb2 Nbd7 11. Nbd2 Qc7 12. Rc1 Rad8 13. Qc2 Rfe8 14. Rfe1
Nf8 15. e4 cxd4 16. Nxd4 Ng6 17. f4 Bf8 18. N4f3 Rc8 19. Bxf6 gxf6 20. Qb2
Bg7 21. Qa2 b5 22. Qb1 Qa5 23. cxb5 axb5 24. Rxc8 Rxc8 25. Rc1 Qxa3 26.
Rxc8+ Bxc8 27. Qc2 Qa8 28. Qc7 Bf8 29. h4 Bb7 30. Nh2 Qc8 31. Qxc8 Bxc8 32.
Ng4 Kg7 33. Kf2 h5 34. Ne3 Bb7 35. Ke2 Ne7 36. Kd3 Nc6 37. Kc3 b4+ 38. Kc4
Ba6# {White checkmated} 0-1

[Event "ICCopen2016"]
[Site "Internet Chess Club"]
[Date "2016.06.03"]
[Round "5"]
[White "jefferyx"]
[Black "depressnyak"]
[Result "0-1"]
[ICCResult "White resigns"]
[WhiteElo "2755"]
[BlackElo "3213"]
[Opening "Polish (Sokolsky) opening"]
[ECO "A00"]
[NIC "VO.10"]
[Time "19:42:26"]
[TimeControl "180+0"]

1. b4 e5 2. a3 d6 3. Bb2 Bg4 4. Nf3 Nf6 5. e3 g6 6. Be2 Bg7 7. d4 e4 8. Nfd2
Bxe2 9. Qxe2 O-O 10. c4 c6 11. Nc3 Re8 12. g4 d5 13. cxd5 Nxd5 14. Ncxe4 Nd7
15. g5 N7b6 16. Nc5 Qxg5 17. O-O-O a5 18. b5 Qe7 19. bxc6 bxc6 20. Nc4 Nd7
21. Nxd7 Qxd7 22. Qc2 Reb8 23. Ne5 Qe6 24. Nd3 Rb5 25. Nc5 Qe7 26. a4 Rb6
27. Ba3 Nb4 28. Qc4 Rab8 29. Rd2 Qe8 30. Rb2 Bf8 31. Rd1 Bxc5 32. dxc5 R6b7
33. Rd6 Qe5 34. Qd4 Nd3+ 35. Qxd3 Rxb2 36. Bxb2 Qxb2+ 37. Kd1 Rb4 38. Qc2
Qa1+ 39. Qc1 Rb1 {White resigns} 0-1

[Event "ICCopen2016"]
[Site "Internet Chess Club"]
[Date "2016.06.03"]
[Round "5"]
[White "Ernie1"]
[Black "Chapo2"]
[Result "0-1"]
[ICCResult "White resigns"]
[WhiteElo "1241"]
[BlackElo "2007"]
[Opening "Queen's pawn"]
[ECO "A40"]
[NIC "QO.17"]
[Time "19:43:26"]
[TimeControl "180+0"]

1. d4 e6 2. Nf3 d5 3. Bg5 Be7 4. Bxe7 Qxe7 5. e3 f5 6. Ne5 Nf6 7. Bb5+ c6 8.
Bd3 O-O 9. O-O Nbd7 10. f4 Nxe5 11. fxe5 Ne4 12. Bxe4 fxe4 13. Qh5 Bd7 14.
Nd2 Qb4 15. Nb3 b6 16. Rxf8+ Rxf8 17. Rf1 Rxf1+ 18. Kxf1 a5 19. Qg5 Qf8+ 20.
Qf4 a4 21. Qxf8+ Kxf8 22. Nd2 c5 23. c3 Bb5+ 24. Kf2 Bd3 25. b3 axb3 26.
axb3 Ke7 27. b4 c4 28. Nf1 Kd7 29. Ng3 g6 30. h4 Kc6 31. Nf1 Bxf1 32. Kxf1
Kb5 33. Ke1 Ka4 34. Kd2 Kb3 35. g3 h5 {White resigns} 0-1

[Event "ICCopen2016"]
[Site "Internet Chess Club"]
[Date "2016.06.03"]
[Round "5"]
[White "eltigrecu"]
[Black "paulohaddad"]
[Result "1-0"]
[ICCResult "Black forfeits on time"]
[WhiteElo "2082"]
[BlackElo "1718"]
[Opening "Trompowsky attack (Ruth, Opocenský opening)"]
[ECO "A45"]
[NIC "QP.07"]
[Time "19:42:12"]
[TimeControl "180+0"]

1. d4 Nf6 2. Bg5 e6 3. e4 Be7 4. e5 Nd5 5. Bxe7 Qxe7 6. Bd3 Nb6 7. Nf3 d5 8.
c3 c5 9. Nbd2 Nc6 10. h4 Bd7 11. a3 h6 12. Qe2 Na4 13. Nf1 a6 14. Ng3 b5 15.
Nh5 c4 16. Bc2 Nxb2 17. Nxg7+ Kd8 18. Rb1 Nd3+ 19. Bxd3 cxd3 20. Qxd3 Rg8
21. Nh5 Rxg2 22. Ng3 Kc7 23. Kf1 Rxg3 24. fxg3 Rg8 25. Kf2 f5 26. a4 Na5 27.
Nd2 Nc4 28. Nxc4 dxc4 29. Qe3 Qg7 30. Rhg1 Qg4 31. axb5 Bxb5 32. Qf3 Qxf3+
33. Kxf3 Rg4 34. Rgd1 Kc6 35. Re1 Kd5 36. Kf2 Rg6 37. Rb4 Rg8 38. Reb1 Rb8
39. Ra1 Ke4 40. Rxa6 Bxa6 41. Rxb8 Kd3 42. Rb6 Bc8 43. Rc6 Bd7 44. Rc7
{Black forfeits on time}
1-0

[Event "ICCopen2016"]
[Site "Internet Chess Club"]
[Date "2016.06.03"]
[Round "5"]
[White "Harmonie"]
[Black "Bessel"]
[Result "1-0"]
[ICCResult "Black resigns"]
[WhiteElo "3114"]
[BlackElo "2076"]
[Opening "Réti opening"]
[ECO "A04"]
[NIC "QP.11"]
[Time "19:42:41"]
[TimeControl "180+0"]

1. Nf3 c6 2. g3 d5 3. Bg2 Nf6 4. O-O Bf5 5. d4 Nbd7 6. c4 e6 7. Nc3 Be7 8.
Nh4 Bg6 9. Qb3 Qb6 10. Nxg6 hxg6 11. Rd1 O-O 12. e4 dxe4 13. Nxe4 Nxe4 14.
Bxe4 Qxb3 15. axb3 Nf6 16. Bf3 Rfd8 17. Be3 a6 18. h4 Rac8 19. Kg2 Bd6 20.
g4 e5 21. g5 exd4 22. Rxd4 Ne8 23. Rad1 Bc7 24. Rd7 Rxd7 25. Rxd7 Rd8 26.
Bg4 Rxd7 27. Bxd7 Kf8 28. Bc8 Nd6 29. Bc5 b6 30. Ba3 a5 31. c5 bxc5 32. Bxc5
Ke7 33. Kf3 Kd8 34. Bg4 Nf5 35. Bxf5 gxf5 36. h5 Be5 37. Ke3 Kd7 38. Bd4 Ke6
39. f4 Bxd4+ 40. Kxd4 f6 41. g6 {Black resigns} 1-0

[Event "ICCopen2016"]
[Site "Internet Chess Club"]
[Date "2016.06.03"]
[Round "5"]
[White "manta2"]
[Black "psychopat2016"]
[Result "0-1"]
[ICCResult "White forfeits on time"]
[WhiteElo "1146"]
[BlackElo "1296"]
[Opening "QGD semi-Slav: 5.e3"]
[ECO "D45"]
[NIC "SL.08"]
[Time "19:42:23"]
[TimeControl "180+0"]

1. d4 d5 2. c4 c6 3. Nc3 e6 4. Nf3 Nf6 5. e3 Be7 6. Qc2 O-O 7. Bd3 dxc4 8.
Bxc4 b5 9. Bd3 Nbd7 10. a3 Bb7 11. O-O c5 12. Ne4 Nxe4 13. Bxe4 f5 14. Bxb7
Rb8 15. Bc6 Nf6 16. Ne5 cxd4 17. Bf3 dxe3 18. Bxe3 Ng4 19. Nxg4 fxg4 20.
Bxg4 Qe8 21. Bxe6+ Kh8 22. Rae1 Qg6 23. Qxg6 hxg6 24. f4 b4 25. f5 bxa3 26.
bxa3 gxf5 27. Bxf5 Bxa3 28. g4 Bb4 29. Rb1 g6 30. Rf3 gxf5 31. Rh3+ Kg8 32.
Bd4 fxg4 33. Rh8+ Kf7 {White forfeits on time} 0-1

[Event "ICCopen2016"]
[Site "Internet Chess Club"]
[Date "2016.06.03"]
[Round "5"]
[White "SCORPION83"]
[Black "PaYbAcK"]
[Result "0-1"]
[ICCResult "White resigns"]
[WhiteElo "3015"]
[BlackElo "2768"]
[Opening "Grünfeld: 5.Bg5"]
[ECO "D91"]
[NIC "GI.08"]
[Time "19:42:39"]
[TimeControl "180+0"]

1. d4 Nf6 2. c4 g6 3. Nc3 d5 4. Nf3 Bg7 5. Bg5 Ne4 6. Bh4 Nxc3 7. bxc3 dxc4
8. Qa4+ Qd7 9. Qxc4 b6 10. Bg3 c5 11. Ne5 Bxe5 12. Bxe5 Ba6 13. Qb3 O-O 14.
d5 c4 15. Qd1 e6 16. d6 Nc6 17. Bf6 e5 18. e4 Qe6 19. Bh4 f6 20. Be2 Rad8
21. Qa4 Na5 22. Rd1 Rxd6 23. O-O Rfd8 24. Rxd6 Rxd6 25. h3 Kg7 26. Bg4 Qe7
27. Qc2 Bb7 28. Bg3 Rd3 29. f3 Nc6 30. h4 b5 31. h5 b4 32. cxb4 Qxb4 33. Be6
Ba6 34. hxg6 hxg6 35. f4 Rxg3 36. fxe5 Nxe5 37. Qd1 Qb6+ {White resigns} 0-1

[Event "ICCopen2016"]
[Site "Internet Chess Club"]
[Date "2016.06.03"]
[Round "5"]
[White "fito"]
[Black "olakenn"]
[Result "1-0"]
[ICCResult "Black resigns"]
[WhiteElo "2300"]
[BlackElo "1667"]
[Opening "Caro-Kann: classical variation"]
[ECO "B18"]
[NIC "CK.10"]
[Time "19:42:35"]
[TimeControl "180+0"]

1. e4 c6 2. d4 d5 3. Nc3 dxe4 4. Nxe4 Bf5 5. Ng3 Bg6 6. Nf3 Nd7 7. Bc4 e6 8.
O-O Ngf6 9. c3 Bd6 10. a4 O-O 11. Re1 Qc7 12. b4 a6 13. a5 b5 14. axb6 Qxb6
15. Be3 Qb7 16. Ra5 Nd5 17. Bd2 Bc7 18. Ra3 a5 19. bxa5 Rxa5 20. Rb3 Qa7 21.
Nh4 Ra8 22. Nxg6 hxg6 23. Ne4 Ra1 24. Rb1 Rxb1 25. Qxb1 Qb6 26. Qxb6 N5xb6
27. Bd3 Ra2 28. Be3 Nd5 29. Rb1 Bf4 30. Bxf4 Nxf4 31. Bc4 Rc2 32. g3 Ne2+
33. Bxe2 Rxe2 34. Ng5 Kf8 35. Rb7 Nf6 36. Rxf7+ Ke8 37. Rxg7 Ng4 38. Rxg6
Nxf2 39. Rxe6+ Rxe6 40. Nxe6 Nd1 41. c4 Ke7 42. d5 cxd5 43. cxd5 Ne3 44. Nf4
Kf6 45. Kf2 Ng4+ 46. Kg2 Ke5 47. h3 Ne3+ 48. Kf3 Nf5 49. h4 Ng7 50. h5 Nxh5
51. Nxh5 Kxd5 52. Kf4 Ke6 53. Kg5 Kf7 54. Kf5 Kg8 55. g4 Kh7 56. g5 Kg8 57.
g6 Kh8 58. Kg5 Kg8 59. Kh6 Kh8 60. g7+ Kg8 61. Nf6+ Kf7 62. g8=Q+
{Black resigns}
1-0

[Event "ICCopen2016"]
[Site "Internet Chess Club"]
[Date "2016.06.03"]
[Round "5"]
[White "SPARNALIQ"]
[Black "JJ12"]
[Result "1-0"]
[ICCResult "Black resigns"]
[WhiteElo "2891"]
[BlackElo "2284"]
[Opening "Polish (Sokolsky) opening"]
[ECO "A00"]
[NIC "VO.10"]
[Time "19:42:52"]
[TimeControl "180+0"]

1. b4 e5 2. a3 Nf6 3. Bb2 d6 4. e3 Nc6 5. Bc4 Be7 6. Ne2 O-O 7. O-O d5 8.
Ba2 a6 9. f4 e4 10. h3 Ne8 11. Nbc3 Nf6 12. Ng3 g6 13. Rb1 b5 14. f5 Qd6 15.
fxg6 Qxg3 16. gxh7+ Kxh7 17. Nxe4 dxe4 18. Bxf6 Bxf6 19. Rxf6 Ne5 20. Bd5
Nf3+ 21. Kf1 Ng5 22. Qh5+ Kg7 23. Rf4 Ra7 24. Rg4 Bxg4 25. Qxg5+ Kh7 26.
hxg4 Qh2 27. Bxe4+ Kh8 28. Qf6+ Kg8 29. Ke2 c5 30. Qg5+ Kh8 31. Qf6+ Kg8 32.
Rf1 Rd7 33. Qg5+ Kh8 34. Qf6+ Kg8 35. Rf5 Rxd2+ 36. Kxd2 Qh7 37. Rg5+
{Black resigns}
1-0

[Event "ICCopen2016"]
[Site "Internet Chess Club"]
[Date "2016.06.03"]
[Round "5"]
[White "huntos"]
[Black "Tresor77"]
[Result "1-0"]
[ICCResult "Black resigns"]
[WhiteElo "1593"]
[BlackElo "1398"]
[Opening "QGD: Vienna variation"]
[ECO "D38"]
[NIC "QP.06"]
[Time "19:43:02"]
[TimeControl "180+0"]

1. d4 Nf6 2. Nf3 d5 3. c4 e6 4. Bg5 Bb4+ 5. Nc3 h6 6. Bxf6 Qxf6 7. e3 Nc6 8.
Rc1 Bd7 9. a3 Be7 10. Bd3 O-O 11. O-O Rfe8 12. b4 a6 13. Qb3 Rad8 14. Na4 b6
15. cxd5 exd5 16. Bxa6 Ra8 17. Bb5 Nb8 18. Bxd7 Nxd7 19. Rxc7 Nf8 20. Rfc1
Ne6 21. R7c6 Ra7 22. Nxb6 Bd8 23. Nxd5 Qg6 24. Nf4 Qf6 25. Nxe6 Rxe6 26.
Rxe6 fxe6 27. a4 Kh7 28. b5 Bb6 29. h3 Qe7 30. Rc6 Ba5 31. Qxe6 Qb4 32. Qg6+
Kg8 33. Rc8+ Qf8 34. Rxf8+ {Black resigns} 1-0

[Event "ICCopen2016"]
[Site "Internet Chess Club"]
[Date "2016.06.03"]
[Round "5"]
[White "Elico"]
[Black "MasterZachary"]
[Result "1-0"]
[ICCResult "Black checkmated"]
[WhiteElo "1800"]
[BlackElo "2189"]
[Opening "Vienna: Hamppe-Muzio gambit"]
[ECO "C25"]
[NIC "VG.04"]
[Time "19:42:34"]
[TimeControl "180+0"]

1. e4 e5 2. Nc3 Nc6 3. f4 exf4 4. Nf3 g5 5. Bc4 g4 6. O-O gxf3 7. Qxf3 Bd6
8. d4 Nxd4 9. Bxf7+ Kxf7 10. Qh5+ Kf8 11. Bxf4 Nf6 12. Bxd6+ cxd6 13. Qh6+
Kf7 14. Nd5 Rf8 15. Rxf6+ Kg8 16. Raf1 Ne6 17. Rxf8+ Nxf8 18. Nf6+ Kh8 19.
Rf5 a5 20. Rg5 Qb6+ 21. Kh1 Ng6 22. Qxh7# {Black checkmated} 1-0

[Event "ICCopen2016"]
[Site "Internet Chess Club"]
[Date "2016.06.03"]
[Round "5"]
[White "Entoloma"]
[Black "Discoverchess"]
[Result "0-1"]
[ICCResult "White resigns"]
[WhiteElo "2036"]
[BlackElo "2528"]
[Opening "Queen's pawn game"]
[ECO "D04"]
[NIC "QP.06"]
[Time "19:42:42"]
[TimeControl "180+0"]

1. d4 Nf6 2. Nf3 d5 3. e3 c5 4. b3 Nc6 5. Bb2 cxd4 6. Nxd4 g6 7. Nxc6 bxc6
8. Bxf6 exf6 9. Bd3 Bd6 10. Nd2 Qe7 11. O-O Kf8 12. e4 Kg7 13. exd5 cxd5 14.
Re1 Qc7 15. Nf1 a5 16. Qf3 Be6 17. Rac1 a4 18. c4 d4 19. Re2 axb3 20. axb3
Bb4 21. Rd1 Bc3 22. Rc2 Rab8 23. Rb1 Rb4 24. Rcc1 Rhb8 25. Bc2 Qa5 26. Ng3
Qa2 27. Qd1 Rd8 28. Ne2 Qa8 29. Nxc3 dxc3 30. Qe1 Rd2 31. Ra1 Qb8 32. Qe3
Qe5 33. Qxe5 fxe5 34. Kf1 h5 35. Bd1 Rd3 36. Be2 Rd2 37. Bd1 Rb8 38. Rxc3
Rbd8 39. Rcc1 Bf5 40. Be2 Rb2 41. c5 Rdd2 42. Re1 Rbc2 43. Rac1 Rxe2
{White resigns}
0-1

[Event "ICCopen2016"]
[Site "Internet Chess Club"]
[Date "2016.06.03"]
[Round "5"]
[White "Panesso"]
[Black "darthvader"]
[Result "0-1"]
[ICCResult "White resigns"]
[WhiteElo "2217"]
[BlackElo "1867"]
[Opening "King's pawn opening"]
[ECO "B07"]
[NIC "VO.17"]
[Time "19:42:23"]
[TimeControl "180+0"]

1. e4 d6 2. Nf3 Nf6 3. Nc3 c6 4. d4 Bg4 5. Bc4 d5 6. exd5 cxd5 7. Bd3 Nc6 8.
Be3 e6 9. O-O Be7 10. h3 Bh5 11. Be2 O-O 12. Ne5 Bxe2 13. Nxe2 Nxe5 14. dxe5
Nd7 15. f4 Bc5 16. Qd2 Qb6 17. Bxc5 Nxc5 18. Qd4 Rac8 19. Rfc1 Nd7 20. Qxb6
Nxb6 21. c3 Nc4 22. Rab1 b5 23. Kf2 a5 24. g4 g5 25. fxg5 Nxe5 26. Nd4 Nd3+
27. Kg3 Nxc1 28. Rxc1 b4 29. h4 bxc3 30. bxc3 Rc4 31. h5 Rfc8 32. Ne2 Ra4
33. Rc2 d4 34. Rd2 dxc3 35. Rc2 Rb4 36. Kf3 Rb2 37. Rxc3 Rxc3+ 38. Nxc3 Rc2
39. Ne4 Rxa2 40. Nf6+ Kg7 41. Ne8+ Kf8 42. Nf6 Kg7 43. Ne8+ Kh8 44. Nd6 Kg8
45. Kf4 a4 46. Ne8 a3 47. Nf6+ Kh8 48. Ke5 Re2+ 49. Kd6 a2 50. Ke7 a1=Q 51.
Kxf7 Rf2 52. Kxe6 h6 53. Nd5 hxg5 54. h6 Re2+ 55. Kd6 Rd2 56. Kc6 Rxd5 57.
Kxd5 Qf6 58. Ke4 Qxh6 59. Kf5 Qh4 60. Kg6 Qxg4 61. Kh6 Qh4+ 62. Kg6 g4 63.
Kf5 g3 64. Ke5 g2 {White resigns} 0-1

[Event "ICCopen2016"]
[Site "Internet Chess Club"]
[Date "2016.06.03"]
[Round "5"]
[White "maly"]
[Black "pagoda"]
[Result "1-0"]
[ICCResult "Black resigns"]
[WhiteElo "2481"]
[BlackElo "1903"]
[Opening "QGD: Chigorin defense"]
[ECO "D07"]
[NIC "QP.08"]
[Time "19:43:06"]
[TimeControl "180+0"]

1. d4 d5 2. c4 Nc6 3. e3 e5 4. cxd5 Qxd5 5. Nc3 Bb4 6. Bd2 Bxc3 7. bxc3 Nf6
8. c4 Qd6 9. d5 Ne7 10. Ne2 O-O 11. Nc3 b6 12. e4 Nd7 13. Be2 Nc5 14. O-O
Bd7 15. Be3 Ng6 16. g3 f5 17. exf5 Bxf5 18. Rc1 Rf7 19. Re1 Bd7 20. Bf1 a6
21. Bg2 Raf8 22. Ne4 Nxe4 23. Bxe4 Qf6 24. c5 Ne7 25. cxb6 cxb6 26. Rc7 Nf5
27. f3 Nxe3 28. Rxe3 b5 29. Rec3 h6 30. Kg2 Bf5 31. Rxf7 Rxf7 32. Qd3 Rd7
33. Bxf5 {Black resigns} 1-0

[Event "ICCopen2016"]
[Site "Internet Chess Club"]
[Date "2016.06.03"]
[Round "5"]
[White "Rumpel"]
[Black "AttackSparrow"]
[Result "0-1"]
[ICCResult "White forfeits on time"]
[WhiteElo "2622"]
[BlackElo "2283"]
[Opening "Sicilian: Steinitz variation"]
[ECO "B20"]
[NIC "SI.48"]
[Time "19:42:43"]
[TimeControl "180+0"]

1. e4 c5 2. g3 e6 3. Bg2 Nc6 4. d3 Nge7 5. f4 h5 6. Nf3 Ng6 7. O-O h4 8. g4
h3 9. Bh1 Nh4 10. Nxh4 Qxh4 11. Be3 b6 12. Bf3 Bb7 13. c3 Bd6 14. Qe1 Qh7
15. Nd2 Ne7 16. e5 Bxf3 17. exd6 Bxg4 18. dxe7 Qxd3 19. Qg3 Bf5 20. Kh1 Kxe7
21. Rad1 Rh6 22. Qf3 Rg6 23. Qxa8 Qxe3 24. Qf3 Qxf3+ 25. Nxf3 Be4 26. Rf2 d5
27. Rg1 Rf6 28. Rg4 Rh6 29. Kg1 g6 30. Ng5 Bf5 31. Rg3 f6 32. Nf3 Be4 33.
Rg4 Rh5 34. Rh4 Bxf3 35. Rxh5 Bxh5 36. Rd2 Kd6 37. c4 d4 38. Kf2 e5 39.
fxe5+ fxe5 40. Rd3 Bg4 41. Rg3 Bf5 42. a3 e4 43. b4 Ke5 44. bxc5 bxc5 45.
Rb3 Kf4 46. Rb5 e3+ 47. Ke1 d3 48. Rxc5 d2+ 49. Kd1 Bg4+
{White forfeits on time}
0-1